AoeStats
← Heisenverde

Arabia

508059489Analyzed
1v1 RM · 12d ago on Sep 20, 2026· 38m 23s· 2 players
Game mode
Random Map
Map size
Tiny (2 player)
Population
200
Speed
Normal
Resources
Standard
Victory
Conquest
Starting age
Dark Age
Ending age
Imperial Age
RankedLock teamsTeams togetherTeam positionsShared explorationLock speedFull tech treeHidden civsTurbo modeCheats
Victory
Defeat
🇪🇸 Persians · Spain
810
+13
🇺🇸 Wei · United States
754
-13
Cient
9:29 Feudal Age
10:53 Double-Bit Axe
12:23 Horse Collar
13:20 Loom
22:34 Castle Age
22:16 Gold Mining
22:55 Stone Mining
24:03 Fletching
25:28 Padded Archer Armor
26:43 Pikeman
28:30 Scale Barding Armor
32:00 Wheelbarrow
31:54 Bow Saw
32:19 Town Watch
33:39 Town Patrol
34:04 Hand Cart
34:36 Stone Shaft Mining
34:43 Gold Shaft Mining
34:15 Bodkin Arrow
34:59 Thumb Ring
39:13 Imperial Age
37:44 Husbandry
37:56 Bloodlines
38:05 Tuntian
Heisenverde
3:42 Loom
10:08 Feudal Age
15:56 Double-Bit Axe
18:22 Horse Collar
19:33 Wheelbarrow
19:46 Gold Mining
22:28 Castle Age
25:13 Kamandaran
25:30 Crossbowman
30:11 Heavy Plow
31:08 Murder Holes
32:05 Thumb Ring
36:13 Imperial Age
36:18 Padded Archer Armor
36:09 Fletching
36:30 Forging
36:25 Scale Barding Armor
36:53 Conscription
37:42 Leather Archer Armor
38:15 Hoardings
38:28 Bodkin Arrow
Connection lost

Rejoining the realm…

Still unreachable

The connection could not be restored.

Session expired

The server has moved on; the page needs a fresh start.